 Dungeon Crawl Stone Soup version 0.30-a0-728-gc68057be0a (webtiles) character file.

Game seed: 18361380769558258952

15066 themarg the Thaumaturge (level 11, -1/86 HPs)
             Began as a Mummy Cinder Acolyte on Jan 31, 2023.
             Was a Priest of Ignis.
             Slain by a cacodemon (12 damage)
             ... in a Gauntlet.
             The game lasted 01:04:35 (21757 turns).

themarg the Thaumaturge (Mummy Cinder Acolyte)     Turns: 21757, Time: 01:04:35

Health: -1/86      AC:  7    Str: 18    XL:     11   Next: 97%
Magic:  12/27      EV: 12    Int: 17    God:    Ignis [***...]
Gold:   845        SH:  0    Dex:  8    Spells: 28/34 levels left

rFire   + . .      SeeInvis .    L - +2 short sword (freeze)
rCold   + . .      Faith    +    (no shield)
rNeg    + + +      Spirit   .    v - +2 leather armour {rF+}
rPois   ∞          Reflect  .    (no helmet)
rElec   .          Harm     .    t - +0 cloak
rCorr   +          Rampage  .    (no gloves)
Will    +....      NoTele   +    I - +0 pair of boots
Stlth   +                        J - amulet of regeneration
HPRegen 1.14/turn                i - ring of resist corrosion
MPRegen 0.20/turn                N - ring of wizardry

@: confused, studying Axes
A: cold resistance 1, negative energy resistance 3, torment resistance 2, heat
vulnerability 1, in touch with death 1, no potions, faith
a: Renounce Religion, Fiery Armour, Foxfire Swarm, Rising Flame


You were in a Gauntlet.
You worshipped Ignis.
Ignis was most pleased with you.
You visited 1 branch of the dungeon, and saw 11 of its levels.
You also visited: Bailey and Gauntlet.

You collected 845 gold pieces.

Inventory:

Hand Weapons
 n - a +0 demon blade of flaming
 o - the +5 dagger of Certain Death {protect, *Noise SInv Stlth+}
   (You found it on level 3 of the Dungeon)

   SInv:      It lets you see invisible.
   *Noise:    It may make noises in combat.
   Stlth:     It makes you more stealthy.
 L - a +2 short sword of freezing (weapon)
 M - a +2 dagger of venom
Missiles
 g - 139 stones
 l - a throwing net
 u - 5 curare-tipped darts (quivered)
 A - 38 javelins
 E - a boomerang
 O - 3 poisoned darts
Armour
 j - a scarf of shadows
 t - a +0 cloak (worn)
 v - a +2 leather armour of fire resistance (worn)
 x - the +1 pair of gloves of Dithmenos's Hope {rElec Int-5 Dex+2 Slay+3}
   (You found it on level 6 of the Dungeon)

   Int:       It affects your intelligence (-5).
   Dex:       It affects your dexterity (+2).
   Slay:      It affects your accuracy & damage with ranged weapons and melee
   (+3).
   rElec:     It insulates you from electricity.
 I - a +0 pair of boots (worn)
Magical Staves
 C - a staff of fire
Jewellery
 i - a ring of resist corrosion (left hand)
 w - a +4 ring of slaying
 F - a ring of flight
 J - an amulet of regeneration (around neck)
 N - a ring of wizardry (right hand)
Wands
 m - a wand of digging (6)
 P - a wand of mindburst (3)
Scrolls
 a - a scroll of identify
 b - 4 scrolls of blinking
 c - 2 scrolls of amnesia
 d - a scroll of fear
 e - 5 scrolls of enchant armour
 f - 2 scrolls of poison
 h - 4 scrolls of teleportation
 k - 3 scrolls of vulnerability
 q - a scroll of torment {unknown}
 s - a scroll of enchant weapon {unknown}
 z - 3 scrolls of immolation
 D - a scroll of magic mapping
 H - 2 scrolls of brand weapon
 K - 4 scrolls of fog


   Skills:
 - Level 8.1 Fighting
 - Level 2.4(3.8) Short Blades
 - Level 4.6(5.0) Long Blades
 - Level 2.0 Throwing
 - Level 6.0 Dodging
 - Level 2.2 Stealth
 - Level 12.0 Spellcasting
 + Level 3.4 Conjurations
 - Level 3.0 Hexes
 - Level 6.0 Fire Magic
 - Level 5.0 Earth Magic
 - Level 3.0 Evocations


You had 28 spell levels left.
You knew the following spells:

 Your Spells              Type           Power      Damage    Failure   Level
a - Scorch                Fire           60%        2d8       1%          2
b - Sandblast             Erth           54%        2d13      1%          1
c - Stone Arrow           Conj/Erth      48%        3d10      1%          3

Your spell library contained the following spells:

 Spells                   Type           Power      Damage    Failure   Level
 Foxfire                  Conj/Fire      100%       2x1d9     1%          1
 Magic Dart               Conj           84%        1d7       1%          1
 Passwall                 Tmut/Erth      15%        N/A       1%          2
 Dazzling Flash           Conj/Hex       42%        N/A       2%          3
 Blink                    Tloc           20%        N/A       4%          2
 Cigotuvi's Dreadful Rot  Necr/Pois/Air  30%        N/A       4%          2
 Summon Guardian Golem    Hex/Summ       15%        N/A       5%          3
 Vhi's Electric Charge    Tloc/Air       20%        N/A       10%         3
 Dispel Undead            Necr           15%        3d10      32%         4
 Manifold Assault         Tloc           10%        N/A       32%         4
 Silence                  Hex/Air        7%         N/A       43%         5
 Agony                    Necr           15%        N/A       63%         5
 Death Channel            Necr           7%         N/A       99%         6
 Orb of Destruction       Conj           10%        9d6       99%         7
 Spellforged Servitor     Conj/Summ      8%         N/A       100%        7
 Lehudib's Crystal Spear  Conj/Erth      12%        10d4      100%        8
 Fire Storm               Conj/Fire      13%        8d3       100%        9
 Storm Form               Tmut/Air       Unusable   N/A       N/A         7

Dungeon Overview and Level Annotations

Branches:
Dungeon (11/15)            Temple (0/1) D:5            Lair (0/5) D:10
    Orc (0/2) D:11         Bailey (visited)         Gauntlet (1/1)

Altars:
Dithmenos
Fedhas
Okawaru
Qazlal
Trog
Vehumet
Wu Jian

Portals:
Trove: D:10 (give 6 scrolls of fog)

Annotations:
D:7 1 runed translucent door, exclusion: door, sirJeffrey23's ghost, novice HOFi
D:9 2 transporters, sirJeffrey23's ghost, journeyman TeCj
D:11 2 transporters, Valagong's ghost, journeyman MiFi Gauntlet 13 transporters


Innate Abilities, Weirdness & Mutations

You are immune to poison.
Your flesh is cold resistant. (rC+)
You are immune to negative energy. (rN+++)
You are immune to unholy pain and torment.
You are vulnerable to heat. (rF-)
You are in touch with the powers of death.
You do not drink.
You have a special connection with the divine. (Faith)


Message History

Press: ? - help, Shift-Dir - straight line, f/p - cacodemon
Aim: a cacodemon (lightly wounded, 71% to hit)
The stone arrow misses the cacodemon.
The cacodemon gestures at you. You resist with some effort.
Aiming: Mindburst
Press: ? - help, Shift-Dir - straight line, f/p - cacodemon
Aim: a cacodemon (lightly wounded, chance to affect: 0%)
The cacodemon resists with almost no effort.
The cacodemon gestures at you. The bolt of energy misses you.
Aiming: Stone Arrow (safe; 1% risk of failure)
Press: ? - help, Shift-Dir - straight line, f/p - cacodemon
Aim: a cacodemon (lightly wounded, 71% to hit)
The stone arrow hits the cacodemon!
The cacodemon is moderately wounded.
The cacodemon hits you but does no damage. x2
Aiming: Stone Arrow (safe; 1% risk of failure)
Press: ? - help, Shift-Dir - straight line, f/p - cacodemon
Aim: a cacodemon (moderately wounded, 71% to hit)
The stone arrow hits the cacodemon!
The cacodemon is moderately wounded.
The cacodemon hits you! x2
Flames lash the cacodemon.
The cacodemon is moderately wounded.
The cacodemon's fire resistance burns away.
The cacodemon gestures at you.
You are confused.
You're too confused to cast spells.
Okay, then.
The cacodemon attacks as you move away! The cacodemon hits you!
The cacodemon barely misses you. The cacodemon gestures at you.
The bolt of energy hits you!!
* * * LOW HITPOINT WARNING * * *
You bump into the metal wall.
The cacodemon is no longer more vulnerable to fire.
You bump into the translucent stone wall.
The cacodemon closely misses you. The cacodemon hits you!
You die...

######################
....................≈###
.....................#8#
########.###########.###
YYYYY..#.#!.#.©.#==#.#
Y..#.#.#.##..#.#..##.###
##...#.#.#.#..#..#.#.#8#
.###...#.#..#P..#..#.###
..©###.#.##..#.#@.##.#
##...#.#.#.#..#.2#.#.###
.###..Y#.#..#P©.#..#.#8#
...###Y#.#...#.#...#.###
.....YY#.#....#....#.#
####################.###
..©...........©#.....#8#
##.#############....≈###
§#.#..............####


You could see a cacodemon.

Vanquished Creatures
  Josephine (D:10)
  3 two-headed ogres
  2 necromancers (Gauntlet)
  Maurice (D:8)
  An elephant (D:10)
  A komodo dragon (D:8)
  A hornet (D:8)
  A meliai (shapeshifter) (D:8)
  2 trolls
  2 wyverns
  A shadow (D:9)
  4 wraiths
  A yak (D:8)
  Grum (D:8)
  2 steam dragons
  A vampire mosquito (D:6)
  2 acid dragons
  3 water moccasins
  4 black bears
  15 orc warriors
  3 sky beasts
  3 ogres
  8 wolves
  15 centaurs
  3 phantoms
  Blork the orc (D:5)
  A necrophage (D:7)
  4 bullfrogs
  2 gnoll sergeants
  6 scorpions
  14 wights
  13 howler monkeys
  A crimson imp (D:9)
  7 hounds
  3 jellies
  3 orc priests
  2 gnoll boudas
  7 iguanas
  15 orc wizards
  11 adders
  18 gnolls
  2 shadow imps
  2 white imps
  2 worms (D:2)
  72 orcs
  12 ball pythons
  5 bats
  5 endoplasms
  2 giant cockroaches
  6 goblins
  9 hobgoblins
  4 jackals
  9 kobolds
  3 quokkas
  9 frilled lizards
  3 rats
334 creatures vanquished.

Vanquished Creatures (others)
  34 demonic plants (Gauntlet)
  54 fungi (D:4)
88 creatures vanquished.

Grand Total: 422 creatures vanquished

Notes
Turn   | Place    | Note
-------+----------+-------------------------------------------
     0 | D:1      | themarg the Mummy Cinder Acolyte began the quest for the
                  | Orb.
     0 | D:1      | Reached XP level 1. HP: 18/18 MP: 2/2
   373 | D:1      | Reached XP level 2. HP: 24/24 MP: 4/4
   376 | D:1      | Learned a level 2 spell: Scorch
   396 | D:1      | Reached skill level 2 in Spellcasting
   592 | D:1      | Reached skill level 1 in Stealth
  1143 | D:1      | Gained mutation: You are in touch with the powers of death.
                  | [Mummy growth]
  1143 | D:1      | Reached XP level 3. HP: 11/29 MP: 0/6
  2569 | D:2      | Reached XP level 4. HP: 35/35 MP: 4/7
  3072 | D:3      | Noticed a scorpion
  3085 | D:3      | Killed a scorpion
  3153 | D:3      | Reached XP level 5. HP: 41/41 MP: 3/8
  3705 | D:3      | Identified the +5 dagger of Certain Death {protect, *Noise
                  | SInv Stlth+}
  4266 | D:4      | Noticed a steam dragon
  4330 | D:4      | Noticed a phantom
  4337 | D:4      | Noticed an ogre
  4574 | D:4      | Killed an ogre
  4575 | D:4      | Reached skill level 5 in Fire Magic
  4575 | D:4      | Reached XP level 6. HP: 47/47 MP: 9/9
  4964 | D:4      | Found an ornate altar of the Wu Jian Council.
  5051 | D:4      | Killed a steam dragon
  5052 | D:4      | Reached skill level 3 in Spellcasting
  5052 | D:4      | Reached XP level 7. HP: 36/52 MP: 7/11
  5280 | D:4      | Found a radiant altar of Vehumet.
  5558 | D:4      | Found an iron altar of Okawaru.
  5616 | D:5      | Entered Level 5 of the Dungeon
  5697 | D:5      | Noticed Blork the orc
  5819 | D:5      | Reached skill level 5 in Fighting
  5937 | D:5      | Reached skill level 1 in Dodging
  6138 | D:5      | Found a staircase to the Ecumenical Temple.
  6285 | D:5      | Reached XP level 8. HP: 57/62 MP: 3/13
  6387 | D:5      | Reached skill level 4 in Spellcasting
  6488 | D:5      | Killed Blork the orc
  6489 | D:5      | Reached skill level 1 in Throwing
  7491 | D:5      | Reached skill level 1 in Earth Magic
  7856 | D:5      | Learned a level 1 spell: Sandblast
  7905 | D:6      | Reached XP level 9. HP: 70/72 MP: 8/15
  9204 | D:6      | Reached skill level 5 in Earth Magic
  9393 | D:6      | Reached skill level 1 in Conjurations
  9537 | D:6      | Identified the +1 pair of gloves of Dithmenos's Hope {rElec
                  | Int-5 Dex+2 Slay+3}
  9543 | D:6      | Identified the +6 hand axe of Imbalance {flame, Int+3}
  9617 | D:6      | Learned a level 3 spell: Stone Arrow
  9894 | D:7      | Found a flagged portal.
  9902 | Bailey   | Entered a bailey
 10270 | Bailey   | Reached skill level 5 in Spellcasting
 10494 | Bailey   | Reached skill level 6 in Spellcasting
 10681 | Bailey   | Reached skill level 7 in Spellcasting
 11315 | Bailey   | Reached XP level 10. HP: 30/79 MP: 7/21
 12243 | Bailey   | Reached skill level 8 in Spellcasting
 13359 | D:7      | Reached skill level 9 in Spellcasting
 13511 | D:7      | Found a stormy altar of Qazlal.
 13525 | D:7      | Found a runed translucent door.
 13532 | D:7      | Noticed sirJeffrey23's ghost (novice HOFi)
 13594 | D:7      | Reached skill level 5 in Dodging
 14133 | D:8      | Noticed Grum
 14372 | D:8      | Noticed Maurice
 14402 | D:8      | Killed Maurice
 14602 | D:8      | Reached skill level 10 in Spellcasting
 15076 | D:8      | Reached skill level 11 in Spellcasting
 15148 | D:8      | Killed Grum
 15491 | D:8      | Noticed a two-headed ogre
 15657 | D:8      | Noticed a two-headed ogre
 15667 | D:8      | Killed a two-headed ogre
 15668 | D:8      | Reached skill level 12 in Spellcasting
 15668 | D:8      | Reached XP level 11. HP: 84/84 MP: 17/27
 16296 | D:8      | Noticed an orb spider
 16299 | D:8      | an orb spider changed into a swamp dragon
 16299 | D:8      | Noticed a swamp dragon (shapeshifter)
 16606 | D:8      | HP: 3/84 [two-headed ogre/+0 giant club (27)]
 17049 | D:7      | Killed a two-headed ogre
 17531 | D:8      | Reached skill level 1 in Evocations
 17667 | D:8      | Identified 2 scrolls of acquirement
 17669 | D:8      | Acquired a +0 demon blade of flaming
 17670 | D:8      | Acquired the Volume of Damaging Gases
 18248 | D:9      | Found a shadowy altar of Dithmenos.
 18253 | D:9      | Reached skill level 1 in Long Blades
 18433 | D:9      | Noticed a two-headed ogre
 18434 | D:9      | Noticed a two-headed ogre
 18436 | D:9      | Noticed a tengu warrior
 18436 | D:9      | Noticed a two-headed ogre
 18442 | D:9      | Found a transporter.
 18448 | D:9      | Found a bloodstained altar of Trog.
 18448 | D:9      | Noticed sirJeffrey23's ghost (journeyman TeCj)
 18459 | D:9      | Found a transporter.
 18723 | D:10     | Entered Level 10 of the Dungeon
 18724 | D:10     | Noticed Josephine
 19503 | D:10     | Found a portal to a secret trove of treasure.
 19614 | D:10     | Found a staircase to the Lair.
 20452 | D:10     | Killed Josephine
 20765 | D:10     | Found a blossoming altar of Fedhas.
 20924 | D:11     | Noticed Valagong's ghost (journeyman MiFi)
 20925 | D:11     | Noticed a two-headed ogre
 20934 | D:11     | Found a transporter.
 20939 | D:11     | Noticed a two-headed ogre
 20948 | D:11     | Killed a two-headed ogre
 20949 | D:11     | Reached skill level 1 in Hexes
 20955 | D:11     | Found a transporter.
 20970 | D:11     | Found a gate leading to a gauntlet.
 20985 | Gauntlet | Entered a Gauntlet
 20985 | Gauntlet | Found a transporter.
 21039 | Gauntlet | Noticed a necromancer
 21041 | Gauntlet | Noticed a necromancer
 21045 | Gauntlet | Found a transporter.
 21060 | Gauntlet | Found a transporter.
 21062 | Gauntlet | Noticed a death yak
 21062 | Gauntlet | Noticed a death yak
 21063 | Gauntlet | Noticed a death yak
 21064 | Gauntlet | Noticed a cacodemon
 21064 | Gauntlet | Noticed a death yak
 21065 | Gauntlet | Found a transporter.
 21084 | Gauntlet | Found a transporter.
 21100 | Gauntlet | Found a transporter.
 21101 | Gauntlet | Noticed a necromancer
 21121 | Gauntlet | Found a transporter.
 21121 | Gauntlet | Noticed a hell hog
 21127 | Gauntlet | Found a transporter.
 21141 | Gauntlet | Noticed a hell beast
 21142 | Gauntlet | Found a transporter.
 21154 | Gauntlet | Found a transporter.
 21164 | Gauntlet | Noticed a sixfirhy
 21164 | Gauntlet | Noticed a sixfirhy
 21166 | Gauntlet | Found a transporter.
 21167 | Gauntlet | Noticed a sixfirhy
 21167 | Gauntlet | Noticed a sixfirhy
 21183 | Gauntlet | Found a transporter.
 21201 | Gauntlet | Found a transporter.
 21203 | Gauntlet | Found a transporter.
 21228 | Gauntlet | Found a transporter.
 21230 | Gauntlet | Found a transporter.
 21250 | Gauntlet | Found a transporter.
 21340 | Gauntlet | Found a transporter.
 21452 | Gauntlet | Killed a necromancer
 21575 | Gauntlet | Killed a necromancer
 21757 | Gauntlet | Slain by a cacodemon

Illustrated notes

Levels and vault maps discovered:
D:1:      minmay_arrival_stair_chambers, layout_basic, minmay_quantized
D:2:      layout_basic, amethyst_killhole, minmay_pentomino_z4
D:3:      layout_basic
D:4:      layout_loops_ring, nicolae_vehumet_altar_sigil,
          mainiacjoe_overflow_catch_the_wave
D:5:      layout_cave_pools, minmay_temple_entry_stoned_glass,
          minmay_joined_circles, uniq_blork_the_orc
D:6:      minmay_opposing_rooms, layout_loops_ring, kennysheep_diamond,
          corexii_checkpoint_a
D:7:      layout_gridville, kennysheep_mini, hellmonk_ghost_happy_afterlife,
          enter_bailey_1
D:8:      minmay_bloctagon, layout_loops_ring, uniq_maurice, uniq_grum
D:9:      layout_rooms, grunt_dithmenos_shadows,
          gammafunk_ghost_wrathful_warriors, minmay_fire_ice_demons
D:10:     layout_irregular_city, kennysheep_little_box, david_lair_generic,
          nicolae_trove_entry_isolated, chequers_serial_rivers_micro_b,
          uniq_josephine
D:11:     layout_cave_pods, orc_0_dummy, gauntlet_entry_generic, serial_glass,
          glass_columns_c, glass_columns_b, nzn_ghost_randoct
Gauntlet: gammafunk_gauntlet_one_two_three [nicolae_gauntlet_arena_quarters,
          nicolae_gauntlet_swirl, nicolae_gauntlet_arena_t_cross,
          gammafunk_gauntlet_arena_arrow_garden, nicolae_gauntlet_arena_grate_2,
          nicolae_gauntlet_arena_x, gammafunk_gauntlet_arena_chambers,
          gammafunk_gauntlet_arena_hedges, nicolae_gauntlet_arena_blocks,
          gauntlet_exit_hidden_loot]

Skill      XL: |  1  2  3  4  5  6  7  8  9 10 11 |
---------------+----------------------------------+-----
Spellcasting   | 2 3 4 7 12 | 12.0
Stealth        | 1 2 |  2.2
Fire Magic     | 3 4 5 6 |  6.0
Fighting       | 5 7 8 |  8.1
Dodging        | 3 5 6 |  6.0
Throwing       | 2 |  2.0
Earth Magic    | 3 5 |  5.0
Conjurations   | 3 |  3.4
Evocations     | 3 |  3.0
Long Blades    | 4 |  4.6
Hexes          | 3 |  3.0
Short Blades   | |  2.4

Action                     |  1- 3 |  4- 6 |  7- 9 | 10-12 || total
---------------------------+-------+-------+-------+-------++-------
  Melee: Short sword       |    81 |    24 |    27 |    36 ||   168
         Punch             |       |     1 |       |     2 ||     3
  Throw: Dart              |       |       |       |     3 ||     3
   Cast: Scorch            |    43 |    48 |   258 |   338 ||   687
         Stone Arrow       |       |       |       |    79 ||    79
 Invoke: Fiery Armour      |       |     1 |     4 |     1 ||     6
  Evoke: Wand              |       |     2 |     2 |    14 ||    18
    Use: Scroll            |       |     5 |     2 |    11 ||    18
   Stab: Paralysed         |       |    11 |       |       ||    11
 Armour: Robe              |    23 |     5 |       |       ||    28
         Steam dragon scal |       |       |    14 |       ||    14
         Leather armour    |       |       |    30 |    43 ||    73
  Dodge: Dodged            |    45 |    19 |   106 |   171 ||   341

Table legend: (Time is in decaauts)
 A = Elapsed time spent in this place.
 B = Non-inter-level travel time spent in this place.
 C = Inter-level travel time spent in this place.
 D = Time resting spent in this place.
 E = Time spent auto-exploring this place.
 F = Levels seen in this place.
 G = Mean time per level.
                   A        B        C        D        E       F      G
               +--------+--------+--------+--------+--------+-----+--------+
         Total |  21773 |  21165 |    608 |   6831 |   9884 |  13 | 1674.8 |
       Dungeon |  17743 |  17135 |    608 |   4562 |   9407 |  11 | 1613.0 |
        Bailey |   3263 |   3263 |      0 |   2070 |    124 |   1 | 3263.0 |
      Gauntlet |    767 |    767 |      0 |    199 |    353 |   1 |  767.0 |
               +--------+--------+--------+--------+--------+-----+--------+

Top non-repeatable levels by time:
  Bailey: 3263 daAuts
     D:8: 2838 daAuts
     D:4: 1944 daAuts
     D:7: 1919 daAuts
     D:6: 1904 daAuts
    D:10: 1586 daAuts
     D:9: 1566 daAuts
     D:2: 1542 daAuts
     D:3: 1475 daAuts
     D:1: 1471 daAuts
     D:5: 1425 daAuts
Gauntlet: 767 daAuts
    D:11: 69 daAuts
